 Dungeon Crawl Stone Soup version 0.31-a0-355-g57cb03d3e8 (webtiles) character file.

Game seed: 441545647313696303

1196 mopl the Ruffian (level 8, -7/54 HPs)
             Began as an Octopode Shapeshifter on July 24, 2023.
             Mangled by a steam dragon (12 damage)
             ... on level 5 of the Dungeon.
             The game lasted 00:04:02 (3975 turns).

mopl the Ruffian (Octopode Shapeshifter)            Turns: 3975, Time: 00:04:03

Health: -7/54      AC:  1    Str: 15    XL:     8   Next: 44%
Magic:  8/8        EV: 14    Int: 10    God:
Gold:   309        SH:  4    Dex: 14    Spells: 7/7 levels left

rFire   + .          .
                       - Unarmed
rCold   x . .        g - +0 buckler
rNeg    . . .        (helmet currently unavailable)
rPois   .            e - amulet of regeneration
rElec   .            i - ring of wizardry
rCorr   .            n - ring of fire
SInv    .            (no ring)
Will    .....        (no ring)
Stlth   ++           (no ring)
HPRegen 1.09/turn    (no ring)
MPRegen 0.11/turn    (no ring)
                     (no ring)

%: wizardry (x1)
@: beast-form
A: beast (slay +3), almost no armour, amphibious, 8 rings, camouflage 1,
gelatinous body 1, (nimble swimmer 1), tentacles
a: Begin Untransformation


You were on level 5 of the Dungeon.
You were a hulking beast.
You visited 1 branch of the dungeon, and saw 6 of its levels.

You collected 309 gold pieces.

Inventory:

Missiles
 o - 8 poisoned darts (quivered)
 t - 3 boomerangs
Armour
 g - a +0 buckler (worn)
Jewellery
 e - an amulet of regeneration (around mantle)
 i - a ring of wizardry (left tentacle)
 n - a ring of fire (right tentacle)
Talismans
 b - a beast talisman
Wands
 s - a wand of digging (3)
 u - a wand of light (12)
Scrolls
 d - a scroll of blinking {unknown}
 f - 4 scrolls of teleportation {unknown}
 j - a scroll of amnesia {unknown}
 l - 2 scrolls of fear {unknown}
 q - 2 scrolls of silence {unknown}
 v - a scroll of fog {unknown}
Potions
 a - a potion of lignification {!q}
 c - 2 potions of curing
 h - a potion of heal wounds
 k - a potion of mutation {!q}
 r - a potion of attraction {unknown}


   Skills:
 + Level 3.8 Fighting
 + Level 4.3 Dodging
 * Level 6.5 Unarmed Combat
 * Level 5.6 Shapeshifting


You had 7 spell levels left.
You didn't know any spells.
Your spell library contained the following spells:

 Spells                   Type           Power      Damage    Failure   Level
 Apportation              Tloc           0%         N/A       21%         1
 Ensorcelled Hibernation  Hex/Ice        0%         N/A       30%         2
 Poisonous Vapours        Pois/Air       0%         N/A       30%         2
 Mephitic Cloud           Conj/Pois/Air  0%         N/A       50%         3
 Anguish                  Hex/Necr       0%         N/A       87%         4
 Alistair's Intoxication  Tmut/Pois      0%         N/A       99%         5
 Freezing Cloud           Conj/Ice/Air   0%         6-21      99%         5


Dungeon Overview and Level Annotations

Branches:
Dungeon (6/15)
 Temple: D:4-7

Altars:
Cheibriados
Xom


Innate Abilities, Weirdness & Mutations

You are a hulking beast.
Your limbs bulge with bestial killing power. (Slay +3)
You cannot wear most types of armour.
You are amphibious.
You can wear up to eight rings at the same time.
Your skin changes colour to match your surroundings (Stealth+).
Your rubbery body absorbs attacks. (AC +1, EV +1)
((You are camouflaged when in or above water. (Stealth+)))
You have tentacles for arms and can constrict up to eight enemies at once.


Message History

The orc wizard flickers and vanishes!
Deactivating autopickup; reactivate with Ctrl-A.
The orc misses you.
You hear a shout!
You feel more attuned to fire.
n - a ring of fire (right tentacle) Unknown command.
You barely miss the orc. Your grab misses the orc. You squeeze the orc.
The orc is almost dead.
The orc closely misses you.
You bludgeon the orc!
You kill the orc!
The orc wizard points at you and mumbles some strange words.
The steam dragon bites you.
* * * LOW HITPOINT WARNING * * *
The steam dragon barely misses you.
An orc comes into view. It is wielding a +3 dagger.
Something hits you.
* * * LOW HITPOINT WARNING * * *
The steam dragon misses you. The steam dragon claws you.
* * * LOW HITPOINT WARNING * * *
Something hits you.
* * * LOW HITPOINT WARNING * * *
The orc wizard points at you and mumbles some strange words.
The puff of flame hits you. You resist.
* * * LOW HITPOINT WARNING * * *
An ogre comes into view. It is wielding a +0 giant club.
There is a stone staircase leading up here.
The orc wizard casts a spell at you. The steam dragon misses you.
The steam dragon claws you.
* * * LOW HITPOINT WARNING * * *
Something barely misses you.
You climb upwards.
Reactivating autopickup.
There is a stone staircase leading down here.
Something hits you.
* * * LOW HITPOINT WARNING * * *
Deactivating autopickup; reactivate with Ctrl-A.
The steam dragon bites you!
You die...

#####..............#
#....#
##.......#.........#
####.#
##.###...##.......##
#.# ##.#
#...##.####..# ###
#.# #.# #...##.#
#..# #.# #.#
#.###...##.# #..#
#.###.# #.#........#
#..# #.....#
#.#.###########{D#
#.#####
##.#............h>#
#.#
...#.##.###########
#.# ##.#<##.# #.#
#######.#
###.#########
........#
#...........#
#########
#.#.#######.# ##
#.#.# #.# .# #.#.#
#.# .# #.#<# #.#


You could see a steam dragon.

Vanquished Creatures
  Grinder (D:4)
  Sigmund (D:2)
  A black bear (D:5)
  An ogre (D:4)
  Blork the orc (D:4)
  A gnoll sergeant (D:4)
  4 hounds
  5 orc priests (D:5)
  A sleepcap (D:4)
  2 orc wizards (D:5)
  Robin (D:2)
  7 gnolls
  5 adders
  2 worms
  A dart slug (D:5)
  7 orcs
  6 ball pythons
  A bat (D:3)
  5 endoplasms
  3 giant cockroaches
  14 goblins
  13 hobgoblins
  2 jackals (D:4)
  A quokka (D:4)
  A frilled lizard (D:3)
  3 kobolds
  5 rats
95 creatures vanquished.

Notes
Turn   | Place    | Note
-------+----------+-------------------------------------------
     0 | D:1      | mopl the Octopode Shapeshifter began the quest for the Orb.
     0 | D:1      | Reached XP level 1. HP: 13/13 MP: 1/1
   138 | D:1      | Reached XP level 2. HP: 18/18 MP: 2/2
   609 | D:2      | Noticed Sigmund
   620 | D:2      | Killed Sigmund
   621 | D:2      | Reached skill level 2 in Fighting
   621 | D:2      | Reached skill level 4 in Unarmed Combat
   621 | D:2      | Reached XP level 3. HP: 14/24 MP: 3/3
   621 | D:2      | Reached XP level 4. HP: 17/29 MP: 4/4
   621 | D:2      | Reached XP level 5. HP: 20/34 MP: 5/5
   942 | D:2      | Noticed Robin
   962 | D:2      | Reached skill level 4 in Shapeshifting
   970 | D:2      | Killed Robin
  1015 | D:2      | Reached XP level 6. HP: 40/40 MP: 6/6
  1138 | D:3      | Reached skill level 3 in Dodging
  1486 | D:3      | Found a faded altar of an unknown god.
  1490 | D:3      | Found a snail-covered altar of Cheibriados.
  1576 | D:3      | Found an iron altar of Okawaru.
  1579 | D:3      | Found an iron altar of Okawaru.
  1579 | D:3      | Found a shimmering altar of Xom.
  1581 | D:3      | Found a bloodstained altar of Trog.
  1581 | D:3      | Found a glowing golden altar of the Shining One.
  1581 | D:3      | Found a basalt altar of Yredelemnul.
  1656 | D:3      | Found a faded altar of an unknown god.
  2136 | D:4      | Noticed Blork the orc
  2143 | D:4      | Killed Blork the orc
  2186 | D:4      | Reached skill level 5 in Unarmed Combat
  2380 | D:4      | Noticed Grinder
  2389 | D:4      | Paralysed by Grinder for 2 turns
  2394 | D:4      | Killed Grinder
  2395 | D:4      | Reached skill level 3 in Fighting
  2395 | D:4      | Reached XP level 7. HP: 32/46 MP: 7/7
  2844 | D:5      | Entered Level 5 of the Dungeon
  3071 | D:5      | Reached skill level 5 in Shapeshifting
  3088 | D:5      | Reached XP level 8. HP: 48/52 MP: 8/8
  3190 | D:5      | Reached skill level 4 in Dodging
  3190 | D:5      | Reached skill level 6 in Unarmed Combat
  3975 | D:5      | Mangled by a steam dragon

Illustrated notes

Levels and vault maps discovered:
D:1:      giann_horns, layout_basic
D:2:      layout_basic, uniq_robin, uniq_sigmund
D:3:      layout_basic, nicolae_overflow_ecumenical_swirl, doesnt_xom_only_xom,
          serial_glass, glass_columns_b, glass_columns_c, glass_columns_a,
          glass_columns_b, glass_columns_c, glass_columns_b, glass_columns_c,
          glass_columns_b, shapermc_ecumenical_altar_hornbeckon,
          nrook_mini_backslash, moated_statue
D:4:      layout_basic, serial_co_window_serial, co_window_paths_b,
          co_window_paths_b, co_window_of_opportunity_a, co_window_corner_a,
          co_window_paths_b, co_window_paths_c, co_window_corner_b,
          co_window_2corner, co_window_4corner_b, co_window_4corner_a,
          glass_columns_a, glass_columns_a, solitary_fountain, chequers_avenue,
          uniq_grinder, uniq_blork_the_orc
D:5:      layout_basic
D:6:      layout_basic, minmay_temple_entry_ruins, uniq_crazy_yiuf_cottage

Skill      XL: |  1  2  3  4  5  6  7  8 |
---------------+-------------------------+-----
Fighting       | 2 3 |  3.8
Unarmed Combat | 4 5 6 |  6.5
Shapeshifting  | 4 5 |  5.6
Dodging        | 3 4 |  4.3

Action                     |  1- 3 |  4- 6 |  7- 9 || total
---------------------------+-------+-------+-------++-------
  Melee: Unarmed           |    20 |   101 |    67 ||   188
         Constrict         |     5 |    26 |    19 ||    50
         Tentacles         |     3 |    24 |    21 ||    48
         Punch             |     1 |     5 |     1 ||     7
    Use: Scroll            |       |     2 |     2 ||     4
   Stab: Sleeping          |     2 |    10 |     2 ||    14
         Distracted        |       |       |     1 ||     1
 Armour: Skin              |     1 |     3 |       ||     4
  Dodge: Dodged            |     4 |    48 |    38 ||    90
  Block: Buckler           |     1 |    17 |     8 ||    26

Table legend: (Time is in decaauts)
 A = Elapsed time spent in this place.
 B = Non-inter-level travel time spent in this place.
 C = Inter-level travel time spent in this place.
 D = Time resting spent in this place.
 E = Time spent auto-exploring this place.
 F = Levels seen in this place.
 G = Mean time per level.
                   A        B        C        D        E       F      G
               +--------+--------+--------+--------+--------+-----+--------+
         Total |   3969 |   3744 |    225 |    113 |   2999 |   6 |  661.5 |
       Dungeon |   3969 |   3744 |    225 |    113 |   2999 |   6 |  661.5 |
               +--------+--------+--------+--------+--------+-----+--------+

Top non-repeatable levels by time:
     D:4: 1241 daAuts
     D:5: 998 daAuts
     D:3: 637 daAuts
     D:1: 561 daAuts
     D:2: 514 daAuts
     D:6: 16 daAuts
